 Dungeon Crawl Stone Soup version 0.28-a0-519-gbfeecf2fc5 (webtiles) character file.

Game seed: 10874256440980620838

7635 Zenkrye the Nimble (level 11, -2/84 HPs)
             Began as a Djinni Hedge Wizard on Sept 23, 2021.
             Was a Follower of Makhleb.
             Slain by an ice beast (12 damage)
             ... summoned by the player character
             ... on level 10 of the Dungeon.
             The game lasted 00:40:56 (14027 turns).

Zenkrye the Nimble (Djinni Hedge Wizard)           Turns: 14027, Time: 00:40:56

Health: -2/84      AC:  2    Str:  9    XL:     11   Next: 40%
Gold:   612        EV: 15    Int: 25    God:    Makhleb [*.....] SH:  5 Dex:  9

rFire   + + +      SeeInvis .   g - +1 dagger (elec)
rCold   x . .      Faith    .   (no shield)
rNeg    . . .      Spirit   .   b - +0 robe
rPois   ∞          Reflect  +   q - +0 hat
rElec   .          Harm     .   (no cloak)
rCorr   +          Rampage  .   (no gloves)
Will    +....                   (boots unavailable)
Stlth   ++........              m - amulet of reflection
HPRegen 0.24/turn               B - ring "Xuifeeff" {Wiz rF++ rCorr Dex-4 Stlth+}
MPRegen 0.00/turn               t - +6 ring of intelligence

@: flying
A: sickness immunity, fire resistance 2, cold vulnerability 1, float, innate
caster, hp casting, extra vitality 1
a: Renounce Religion


You were on level 10 of the Dungeon.
You worshipped Makhleb.
Makhleb was aware of your devotion.
You visited 2 branches of the dungeon, and saw 11 of its levels.

You collected 612 gold pieces.

Inventory:

Hand Weapons
 e - a +2 dagger of venom
 g - a +1 dagger of electrocution (weapon)
 A - a +5 whip of electrocution
 I - a +0 broad axe
Missiles
 f - 111 stones
Armour
 b - a +0 robe (worn)
 n - a scarf of shadows
 p - a +0 buckler
 q - a +0 hat (worn)
 y - a +0 kite shield
Magical Staves
 x - a staff of fire
Jewellery
 c - a ring of protection from cold
 m - an amulet of reflection (around neck)
 t - a +6 ring of intelligence (right hand)
 B - the ring "Xuifeeff" (left hand) {Wiz rF++ rCorr Dex-4 Stlth+}
   (You found it on level 6 of the Dungeon)

   [ring of wizardry]

   It improves your spell success rate.
   Dex:       It affects your dexterity (-4).
   rF:        It greatly protects you from fire.
   rCorr:     It protects you from acid and corrosion.
   Stlth:     It makes you more stealthy.
 C - an amulet of the acrobat
 G - a +6 ring of dexterity
Wands
 z - a wand of mindburst (4)
 H - a wand of flame (12)
Scrolls
 a - 2 scrolls of fog
 i - 4 scrolls of identify {@r1}
 l - a scroll of teleportation {@r3}
 s - 2 scrolls of immolation
 u - a scroll of blinking {@r4}
Potions
 d - a potion of resistance {@q6}
 h - 4 potions of curing {@q1}
 j - 2 potions of attraction
 k - 2 potions of flight
 o - 3 potions of lignification
 r - a potion of might {unknown}
 w - 2 potions of ambrosia
 D - a potion of haste {@q3}


   Skills:
 + Level 9.2 Fighting
 + Level 10.4 Dodging
 - Level 1.5 Stealth
 - Level 5.0 Shields
 + Level 7.5 Spellcasting
 + Level 2.0 Evocations


You couldn't memorise any spells.
You knew the following spells:

 Your Spells              Type           Power      Damage    Failure   Level
a - Magic Dart            Conj           100%       1d8       1%          1
b - Blink                 Tloc           N/A        N/A       1%          2
c - Call Imp              Summ           47%        N/A       1%          2
d - Slow                  Hex            47%        N/A       1%          2
e - Conjure Flame         Conj/Fire      47%        6-21      1%          3
f - Mephitic Cloud        Conj/Pois/Air  47%        N/A       1%          3
g - Sandblast             Erth           94%        2d19      1%          1
h - Gell's Gravitas       Tloc           23%        N/A       1%          3
i - Summon Ice Beast      Ice/Summ       47%        N/A       1%          4
u - Dispel Undead         Necr           47%        3d18      1%          4
z - Poisonous Vapours     Pois/Air       94%        N/A       1%          2
Your spell library was empty.

Dungeon Overview and Level Annotations

Branches:
Dungeon (10/15)            Temple (1/1) D:6
   Lair: D:8-11         Orc: D:9-12

Altars:
Ashenzari
Cheibriados
Dithmenos
Elyvilon
Fedhas
Gozag
Hepliaklqana
Makhleb
Nemelex Xobeh
Qazlal
Ru
Sif Muna
Trog
Uskayaw
Vehumet
Xom
Yredelemnul
Zin
The Shining One

Shops:
D:6 :


Innate Abilities, Weirdness & Mutations

You are immune to sickness and miasma.
You are immune to poison.
Your flesh is very heat resistant. (rF++)
You are vulnerable to cold. (rC-)
You float through the air rather than walking.
You learn spells naturally, not from books.
Your magical power is your life essence.
You have superior vitality. (+4 HP)


Message History

The centaur closely misses you.
You hit the orc but do no damage. The orc hits you with a +0 dagger.
* * * LOW HITPOINT WARNING * * *
You barely miss the orc. The orc completely misses you.
The centaur barely misses your ice beast.
The centaur completely misses your ice beast.
You hit the orc but do no damage. Lightning courses through the orc!
You kill the orc!
Makhleb accepts your kill.
Your ice beast hits the centaur.
Your ice beast freezes the centaur!
The centaur dies!
Makhleb accepts your kill.
You start resting.
An orc wizard comes into view. It is wielding a +0 dagger.
You swap places.
What are your orders? t - Shout!
Orders for allies: a - Attack new target. r - Retreat! s - Stop attacking. g - Guard the area. f - Follow me.
Anything else - Cancel.
Gang up on whom?
Press: ? - help, Dir - move target, f - orc wizard
Aim: an orc wizard, wielding a +0 dagger and wearing a +0 robe Attack!
Things that are here:
a +0 shortbow; 10 arrows; a yak corpse The orc wizard casts a spell.
The orc wizard flickers and vanishes!
Deactivating autopickup; reactivate with Ctrl-A.
Something hits your ice beast.
Something hits your ice beast but does no damage.
Something hits your ice beast.
You hear some strange, mumbled words.
Your ice beast appears confused.
Your ice beast barely misses something.
Something hits your ice beast.
Your ice beast hits you.
* * * LOW HITPOINT WARNING * * *
Your ice beast freezes you!
You feel a terrible chill!
You die...

.......# #.#
####'##....# #.#
##≈≈#.##....# #.#
##≈≈≈≈.##....# #.#
.......##....# #)#
≈≈≈≈≈≈###....###.#
≈≈≈≈.............#
...≈.≈####≈≈≈.≈#Y#
≈≈.≈.≈# ##≈≈..#@#
.≈.≈.≈######≈#.#.#
.≈.≈.......#.....#
.#.≈....##.#.#...#
.#.≈....+..#..........#
.#.#....#######.......#
.#.#....# #.>.....#
.#.#....# ##......#
##.#....## #......#


You could see a friendly ice beast (summoned, confused).

Vanquished Creatures
  2 two-headed ogres (D:9)
  A troll (D:9)
  A wyvern (D:8)
  11 yaks
  3 steam dragons (D:9)
  Menkaure (D:6)
  3 water moccasins
  2 black bears (D:8)
  An ogre (D:5)
  An orc warrior (D:9)
  A necrophage (D:4)
  A sky beast (D:9)
  A centaur (D:9)
  A phantom (D:4)
  A gnoll sergeant (D:6)
  3 scorpions
  A wyvern zombie (D:5)
  9 killer bees
  5 wights (D:8)
  An electric eel (D:10)
  A bullfrog zombie (D:5)
  2 centaur zombies
  2 gnoll shamans
  2 hounds
  A bullfrog skeleton (D:5)
  2 centaur skeletons
  2 iguanas
  3 orc wizards
  2 scorpion zombies (D:5)
  3 hound zombies (D:5)
  8 gnolls
  6 adders
  A shadow imp (D:7)
  A white imp (D:7)
  2 ufetubi
  3 adder skeletons (D:4)
  An adder zombie (D:3)
  2 worms
  3 dart slugs (D:1)
  20 orcs
  7 ball pythons
  6 endoplasms
  4 giant cockroaches
  8 goblins
  8 hobgoblins
  3 jackals (D:2)
  6 kobolds
  4 quokkas
  7 bats
  4 frilled lizards
  A quokka skeleton (D:4)
  3 rats
178 creatures vanquished.

Vanquished Creatures (collateral kills)
  A two-headed ogre (D:10)
  A yak (D:6)
  2 sky beasts (D:9)
  2 centaurs
  2 killer bees (D:9)
  2 wights (D:8)
  2 centaur zombies
  A gnoll (D:6)
  An adder (D:6)
14 creatures vanquished.

Vanquished Creatures (others)
  A plant (D:5)
1 creature vanquished.

Grand Total: 193 creatures vanquished

Notes
Turn   | Place    | Note
-------+----------+-------------------------------------------
     0 | D:1      | Zenkrye the Djinni Hedge Wizard began the quest for the
                  | Orb.
     0 | D:1      | Reached XP level 1. HP: 15/15 MP: 0/0
   228 | D:1      | Reached XP level 2. HP: 16/22 MP: 0/0
   381 | D:1      | Reached skill level 1 in Fighting
   859 | D:1      | Reached XP level 3. HP: 17/27 MP: 0/0
   859 | D:1      | Learned a level 1 spell: Sandblast
  1719 | D:2      | Reached skill level 3 in Dodging
  2096 | D:2      | Reached XP level 4. HP: 32/33 MP: 0/0
  2206 | D:2      | Found a faded altar of an unknown god.
  3246 | D:3      | Reached XP level 5. HP: 31/38 MP: 0/0
  3246 | D:3      | Learned a level 2 spell: Poisonous Vapours
  4936 | D:4      | Reached skill level 4 in Dodging
  5044 | D:4      | Noticed a phantom
  5046 | D:4      | Reached XP level 6. HP: 43/45 MP: 0/0
  5352 | D:4      | Noticed a necrophage
  5368 | D:4      | Killed a necrophage
  5375 | D:4      | Reached XP level 7. HP: 18/50 MP: 0/0
  5375 | D:4      | Learned a level 3 spell: Gell's Gravitas
  5880 | D:4      | Reached skill level 5 in Dodging
  6094 | D:4      | Reached skill level 1 in Shields
  6126 | D:5      | Entered Level 5 of the Dungeon
  6126 | D:5      | Noticed a water moccasin
  6782 | D:4      | Reached XP level 8. HP: 33/58 MP: 0/0
  7185 | D:5      | Reached skill level 6 in Dodging
  7372 | D:5      | Noticed a vampire
  7587 | D:6      | Reached skill level 5 in Fighting
  7959 | D:6      | Found Jeoggepn's Book Shoppe.
  7982 | D:6      | Noticed Menkaure
  7989 | D:6      | Killed Menkaure
  8217 | D:6      | Found a staircase to the Ecumenical Temple.
  8226 | Temple   | Entered the Ecumenical Temple
  8326 | Temple   | Became a worshipper of Makhleb the Destroyer
  8398 | D:6      | Reached XP level 9. HP: 44/65 MP: 0/0
  8398 | D:6      | Learned a level 4 spell: Summon Ice Beast
  8552 | D:6      | Reached skill level 5 in Spellcasting
  8563 | D:6      | Reached skill level 7 in Dodging
  8563 | D:6      | HP: 1/66 [yak (11)]
  9195 | D:6      | Identified the ring "Xuifeeff" {Wiz rF++ rCorr Dex-4
                  | Stlth+}
  9746 | D:7      | Noticed a red ugly thing
  9997 | D:8      | Found a bloodstained altar of Trog.
 10007 | D:8      | Reached skill level 5 in Shields
 11080 | D:8      | Reached XP level 10. HP: 67/73 MP: 0/0
 11104 | D:8      | Reached skill level 8 in Dodging
 11835 | D:9      | Reached * piety under Makhleb
 11864 | D:9      | Noticed a two-headed ogre
 11882 | D:9      | Killed a two-headed ogre
 12002 | D:9      | Reached skill level 9 in Dodging
 12473 | D:9      | Noticed a two-headed ogre
 12494 | D:9      | Killed a two-headed ogre
 12495 | D:9      | Reached XP level 11. HP: 55/82 MP: 0/0
 12495 | D:9      | Learned a level 4 spell: Dispel Undead
 12893 | D:9      | Reached skill level 10 in Dodging
 13432 | D:10     | Entered Level 10 of the Dungeon
 13644 | D:10     | Noticed a two-headed ogre
 13657 | D:10     | Killed a two-headed ogre
 13658 | D:10     | Reached skill level 1 in Evocations
 13994 | D:10     | HP: 4/84 [orc (4)]
 14027 | D:10     | Slain by an ice beast

Illustrated notes

Levels and vault maps discovered:
D:1:      lightli_iron_boxes, layout_loops_cross
D:2:      layout_basic, dreamdust_ecumenical_altar_grove
D:3:      layout_basic, serial_aquarium, aquarium_bridge_square
          [aquarium_subvault_bridge, aquarium_subvault_bridge,
          aquarium_subvault_bridge, aquarium_subvault_window],
          aquarium_bridge_square [aquarium_subvault_bridge,
          aquarium_subvault_wall, aquarium_subvault_window,
          aquarium_subvault_window], aquarium_window_corridor_1,
          aquarium_window_1, aquarium_window_corner, aquarium_window_fake,
          aquarium_view_2e, aquarium_balcony_3b, aquarium_pool_2,
          hangedman_decor_clover_reticule, minmay_misc_feat_more_columns,
          hangedman_feature_mirror, minmay_between
D:4:      layout_rooms, serial_rivers, chequers_serial_rivers_marsh,
          chequers_serial_rivers_large_a, chequers_serial_rivers_small_a,
          chequers_serial_rivers_micro_e, kennysheep_nub
D:5:      lemuel_castle_with_subvaults [lemuel_castle_interior_original],
          layout_cave_pools, serial_undead, serial_undead_f, serial_undead_d,
          serial_undead_f, serial_undead_d
D:6:      cheibrodos_quashed, layout_cave_pools,
          minmay_temple_entry_statues_fountains, serial_shops, shop,
          uniq_menkaure
D:7:      layout_layer_cave
D:8:      layout_loops_ring, trog_ov_bears_minmay, nicolae_ossuary_entry_plus
D:9:      layout_long_grid, hangedman_misty_isle
D:10:     layout_basic, lair_entry_dummy, hangedman_abyss_or_decor_lesser_grid
Temple:   kilobyte_greek_temple

Skill      XL: |  1  2  3  4  5  6  7  8  9 10 11 |
---------------+----------------------------------+-----
Fighting       | 1 2 3 4 5 6 8 9 |  9.2
Dodging        | 3 4 5 6 7 9 10 | 10.4
Spellcasting   | 3 4 5 7 |  7.5
Shields        | 2 3 5 |  5.0
Evocations     | 2 |  2.0
Stealth        | |  1.5

Action                   |  1- 3 |  4- 6 |  7- 9 | 10-12 || total
-------------------------+-------+-------+-------+-------++-------
Melee: Dagger            |       |       |    32 |    53 ||    85
       Staff             |       |       |     1 |       ||     1
 Cast: Magic Dart        |    90 |    87 |    65 |    17 ||   259
       Sandblast         |     8 |    60 |   112 |    21 ||   201
       Poisonous Vapours |       |    17 |    16 |    32 ||    65
       Mephitic Cloud    |       |     2 |     2 |     2 ||     6
       Conjure Flame     |       |     2 |    24 |    15 ||    41
       Gell's Gravitas   |       |       |    16 |     8 ||    24
       Blink             |       |       |    10 |     3 ||    13
       Summon Ice Beast  |       |       |    16 |    14 ||    30
Evoke: Wand              |       |       |     2 |     4 ||     6
  Use: Scroll            |       |     4 |     3 |    10 ||    17
       Potion            |       |     1 |     2 |     1 ||     4
 Stab: Sleeping          |       |       |     1 |       ||     1
Armor: Robe              |     4 |     5 |     5 |     6 ||    20
Dodge: Dodged            |     5 |    27 |    62 |    55 ||   149
Block: Other             |       |     1 |    15 |    15 ||    31
       Reflection        |       |       |     2 |       ||     2

Table legend: (Time is in decaauts)
 A = Elapsed time spent in this place.
 B = Non-inter-level travel time spent in this place.
 C = Inter-level travel time spent in this place.
 D = Time resting spent in this place.
 E = Time spent auto-exploring this place.
 F = Levels seen in this place.
 G = Mean time per level.
                   A        B        C        D        E       F      G
               +--------+--------+--------+--------+--------+-----+--------+
         Total |  14031 |  13628 |    403 |   2193 |   9514 |  11 | 1275.5 |
       Dungeon |  13896 |  13526 |    370 |   2193 |   9423 |  10 | 1389.6 |
        Temple |    134 |    101 |     33 |      0 |     91 |   1 |  134.0 |
               +--------+--------+--------+--------+--------+-----+--------+

Top non-repeatable levels by time:
     D:3: 2193 daAuts
     D:8: 1791 daAuts
     D:9: 1746 daAuts
     D:1: 1644 daAuts
     D:4: 1586 daAuts
     D:6: 1266 daAuts
     D:2: 1252 daAuts
     D:5: 1229 daAuts
    D:10: 594 daAuts
     D:7: 591 daAuts
  Temple: 134 daAuts
